 Dungeon Crawl Stone Soup version 0.31-a0-640-g39d97e502b (webtiles) character file.

Game seed: 3664733990606708713

15 ytrimaz the Changeling (level 2, -3/31 HPs)
             Began as a Merfolk Shapeshifter on Aug 28, 2023.
             Slain by Sigmund
             ... wielding a +0 scythe
              (7 damage)
             ... on level 2 of the Dungeon.
             The game lasted 00:01:04 (374 turns).

ytrimaz the Changeling (Merfolk Shapeshifter)        Turns: 374, Time: 00:01:05

Health: -3/31      AC: 21    Str: 14    XL:     2   Next: 50%
Magic:  2/2        EV:  2    Int:  9    God:
Gold:   29         SH:  0    Dex: 13    Spells: 1/1 levels left

rFire   . .          .
                       - Unarmed
rCold   . . .        (no shield)
rNeg    . . .        a - melded +0 animal skin
rPois   +            (helmet currently unavailable)
rElec   .            (cloak currently unavailable)
rCorr   .            (gloves currently unavailable)
SInv    .            (boots currently unavailable)
Will    .....        (no amulet)
Stlth   +            (no ring)
HPRegen 0.25/turn    (no ring)
MPRegen 0.08/turn

%: no passive effects
@: brilliant, tree-form
A: stationary, stasis, torment immunity, boosted hp, (nimble swimmer 2),
(mertail)
a: no special abilities


You were on level 2 of the Dungeon.
You were a tree.
You visited 1 branch of the dungeon, and saw 2 of its levels.

You collected 29 gold pieces.


Innate Abilities, Weirdness & Mutations

You are a tree.
Your roots penetrate the ground, keeping you stationary.
You cannot be teleported.
You are immune to unholy pain and torment.
Your maximum health is greatly increased.
Your equipment is partially melded.
((You are very nimble when in or above water. (Stealth+, EV+, Speed+++)))
((Your lower body shifts to a powerful aquatic tail in water.))


   Skills:
 - Level 1.1 Fighting
 - Level 2.6 Dodging
 + Level 3.7 Unarmed Combat
 + Level 4.5 Shapeshifting


You had one spell level left.
You didn't know any spells.
Your spell library was empty.

Inventory:

Armour
 a - a +0 animal skin (melded)
Talismans
 c - a beast talisman
 d - a flux talisman
Scrolls
 e - 2 scrolls of identify

Dungeon Overview and Level Annotations

Branches:
Dungeon (2/15) Zot: 11627

Altars:

Annotations:
D:2 Sigmund

#.............##
....#####....!..........
........................
........................
........................
.........###..##..#.....
.........#...###..#.....
...........#####..# ....
.......♣..........# ...
.....@†..#######... ...
...$.<#### ....#. ... #
.. .


You could see Sigmund.


Message History

Unknown command.
A bat is nearby!
A bat is nearby!
The bat hits you but does no damage.
You closely miss the bat. The bat hits you. 😕 HP[-1]
You take 1 damage, and now have 20/21 hp.
The bat barely misses you. The bat closely misses you.
Unknown command.
You barely miss the bat. The bat misses you. The bat hits you.
You closely miss the bat. The bat closely misses you.
You hit the bat.
You kill the bat!
A sourceless malevolence fills the Dungeon...
You fall into a shaft and drop 1 floor!
The shaft crumbles and collapses.
No target in view! 😎 HP[+1]
Your hp is fully restored (21).
Sigmund the Dreaded comes into view.
He is wielding a +0 scythe.
You see here a fizzy purple potion.
Sigmund is nearby!
Sigmund is nearby!
A sourceless malevolence fills the Dungeon... and a teleportation trap spontaneously manifests!
You are yanked towards a nearby monster!
Your surroundings suddenly seem different.
Found 7 gold pieces.
Found a stone staircase leading up.
Unknown command.
Unknown command.
A hobgoblin comes into view.
The hobgoblin shouts!
Unknown command.
Your transformation has ended.
You turn into a tree.
Your +0 animal skin melds into your body.
Your roots penetrate the ground. 😎 HP[+10]
You now have 31 max hp (+10).
Your hp is fully restored (31).
Unknown command.
You cannot move.
You completely miss the hobgoblin.
Sigmund shouts!
You hit the hobgoblin.
You kill the hobgoblin!
Sigmund hits you but does no damage.
Unknown command.
You cannot move.
It was a potion of brilliance.
You feel clever all of a sudden.
Sigmund points at you and mumbles some strange words.
You resist with significant effort.
You aren't carrying any potions.
As you read the scroll labelled OBRIK ITHEB, it crumbles to dust.
It is a scroll of identify.
You don't currently have any unidentified items.
Sigmund hits you from afar with a +0 scythe! 😮 HP[-8]
You take 8 damage, and now have 23/31 hp.
MASSIVE DAMAGE!! (PAUSE)
An endoplasm comes into view.
Sigmund hits you but does no damage.
Unknown command.
Sigmund hits you but does no damage. The endoplasm freezes you.
You are frozen. 😮 HP[-3]
You take 3 damage, and now have 20/31 hp.
The endoplasm hits you but does no damage.
Sigmund gestures at you while chanting. You resist with significant effort.
The endoplasm freezes you.
You are frozen.
Sigmund hits you from afar with a +0 scythe.
* * * LOW HITPOINT WARNING * * *
Unknown command. 😨 HP[-7]
You take 7 damage, and now have 13/31 hp.
MASSIVE DAMAGE!! (PAUSE)
You hit the endoplasm but do no damage. The endoplasm freezes you.
You are frozen.
* * * LOW HITPOINT WARNING * * *
Sigmund hits you from afar with a +0 scythe.
* * * LOW HITPOINT WARNING * * *
😱 HP[-6]
You take 6 damage, and now have 7/31 hp.
Unknown command.
You hit the endoplasm. The endoplasm freezes you.
You are frozen.
* * * LOW HITPOINT WARNING * * *
😱 HP[-3]
You take 3 damage, and now have 4/31 hp.
You hit the endoplasm.
You kill the endoplasm!
Sigmund hits you from afar with a +0 scythe!
You die...
Sigmund begins carving another notch in his scythe.

Action                     || total
---------------------------++-------
  Melee: Unarmed           ||    32
         Punch             ||     1
    Use: Potion            ||     2
         Scroll            ||     1
   Stab: Sleeping          ||     1
 Armour: Skin              ||     4
         Animal skin       ||     2
  Dodge: Dodged            ||    20

Levels and vault maps discovered:
D:1:      lemuel_arrival_lava_pool, layout_basic,
          shapermc_ecumenical_altar_mp_vishouse, grunt_decor_cap,
          grunt_decor_mini_mirrors
D:2:      layout_rooms, kennysheep_potato, uniq_natasha, uniq_sigmund

Notes
Turn   | Place    | Note
-------+----------+-------------------------------------------
     0 | D:1      | ytrimaz the Merfolk Shapeshifter began the quest for the
                  | Orb.
     0 | D:1      | Reached XP level 1. HP: 15/15 MP: 1/1
     0 | D:1      | magus.rc [v1.9.6]
   141 | D:1      | Reached XP level 2. HP: 21/21 MP: 2/2
   354 | D:1      | You fall into a shaft and drop 1 floor!
   357 | D:2      | Noticed Sigmund
   372 | D:2      | HP: 7/31 [Sigmund/+0 scythe (1)]
   374 | D:2      | Slain by Sigmund

Vanquished Creatures
  A dart slug (D:1)
  2 bats (D:1)
  3 endoplasms
  2 giant cockroaches (D:1)
  A hobgoblin (D:2)
  A kobold (D:1)
  A frilled lizard (D:1)
  2 rats (D:1)
13 creatures vanquished.

Table legend:
 A = Non-vault XP
 B = Vault XP
 C = Vault XP percentage of total XP
 D = Non-vault monster count
 E = Vault monster count
 F = Vault count percentage of total count
                 A         B        C        D         E       F
            +---------+---------+-------+---------+---------+-------
      Total |      24 |       0 |   0.0 |      13 |       0 |   0.0
            +---------+---------+-------+---------+---------+-------
        D:1 |      20 |       0 |   0.0 |      11 |       0 |   0.0
        D:2 |       4 |       0 |   0.0 |       2 |       0 |   0.0
            +---------+---------+-------+---------+---------+-------

Action                     || total
---------------------------++-------
  Melee: Unarmed           ||    32
         Punch             ||     1
    Use: Potion            ||     2
         Scroll            ||     1
   Stab: Sleeping          ||     1
 Armour: Skin              ||     4
         Animal skin       ||     2
  Dodge: Dodged            ||    20

Illustrated notes

Table legend:
 A = Kills in this place as a percentage of kills in the entire game.
 B = Kills by you in this place as a percentage of kills by you in the entire game.
 C = Kills by friends in this place as a percentage of kills by friends in the entire game.
 D = Other kills in this place as a percentage of other kills in the entire game.
 E = Experience gained in this place as a percentage of experience gained in the entire game.
 F = Experience gained in this place divided by the number of levels of this place that you have seen.
                   A       B       C       D       E      F
               +-------+-------+-------+-------+-------+----------------------
         Total | 100.0 | 100.0 |   N/A |   N/A | 100.0 |  12.0
       Dungeon | 100.0 | 100.0 |   N/A |   N/A | 100.0 |  12.0
               +-------+-------+-------+-------+-------+----------------------

Table legend: (Time is in decaauts)
 A = Elapsed time spent in this place.
 B = Non-inter-level travel time spent in this place.
 C = Inter-level travel time spent in this place.
 D = Time resting spent in this place.
 E = Time spent auto-exploring this place.
 F = Levels seen in this place.
 G = Mean time per level.
                   A        B        C        D        E       F      G
               +--------+--------+--------+--------+--------+-----+--------+
         Total |    371 |    371 |      0 |      0 |    266 |   2 |  185.5 |
       Dungeon |    371 |    371 |      0 |      0 |    266 |   2 |  185.5 |
               +--------+--------+--------+--------+--------+-----+--------+

Top non-repeatable levels by time:
     D:1: 352 daAuts
     D:2: 19 daAuts
